 Dungeon Crawl Stone Soup version 0.20-a0-331-g5b3579f (webtiles) character file.

5492 RogueShenanigans the Cleaver (level 10, 0/91 HPs)
             Began as a Minotaur Fighter on Dec 21, 2016.
             Was an Elder of Okawaru.
             Engulfed by a fire crab's flame (18 damage)
             ... on level 9 of the Dungeon.
             The game lasted 00:14:20 (6904 turns).

RogueShenanigans the Cleaver (Minotaur Fighter)     Turns: 6904, Time: 00:14:20

Health: 0/91       AC: 13    Str: 22    XL:     10   Next: 42%
Magic:  21/21      EV: 10    Int:  5    God:    Okawaru [****..]
Gold:   466        SH:  0    Dex: 15    Spells: 9/9 levels left

rFire  x . .     SeeInvis +     K - +8 war axe "Foalichorr" {chop, *Contam rF- rC+ MR+ SInv}
rCold  + . .     Gourm    .     y - +3 ring mail "Was Tede" {rElec Dex+3 Stlth+}
rNeg   . . .     Faith    .     (no shield)
rPois  .         Spirit   .     (helmet restricted)
rElec  +         Reflect  .     (no cloak)
rCorr  .         Harm     .     r - +0 pair of gloves
MR     +....                    I - +0 pair of boots
Stlth  ++........               (no amulet)
                                D - ring of see invisible
                                i - ring of magical power

@: no status effects
A: retaliatory headbutt, horns 2
a: Heroism, Renounce Religion


You were on level 9 of the Dungeon.
You worshipped Okawaru.
Okawaru was greatly pleased with you.
You were not hungry.

You visited 1 branch of the dungeon, and saw 9 of its levels.

You collected 466 gold pieces.

Inventory:

Hand Weapons
 a - a +0 war axe
 K - the +8 war axe "Foalichorr" (weapon) {chop, *Contam rF- rC+ MR+ SInv}
   (You found it on level 6 of the Dungeon)

   It inflicts extra damage upon your enemies.
   It makes you vulnerable to fire.
   It protects you from cold.
   It affects your resistance to hostile enchantments.
   It lets you see invisible.
   It causes magical contamination when unequipped.
Armour
 b - a +0 scale mail
 c - a +0 shield
 r - a +0 pair of gloves (worn)
 w - a +0 chain mail
 y - the +3 ring mail "Was Tede" (worn) {rElec Dex+3 Stlth+}
   (You found it on level 7 of the Dungeon)

   It affects your dexterity (+3).
   It insulates you from electricity.
   It makes you more stealthy.
 I - a +0 pair of boots (worn)
Jewellery
 i - a ring of magical power (left hand)
 D - a ring of see invisible (right hand)
 M - the ring "Adurr" {Ice rPois Slay+3}
   (You found it on level 7 of the Dungeon)

   [ring of ice]

   It enhances your ice magic.
   It affects your accuracy and damage with ranged weapons and melee attacks
   (+3).
   It makes you vulnerable to fire.
   It protects you from cold.
   It protects you from poison.
 O - an uncursed amulet of faith
Wands
 B - a wand of paralysis (11/24)
 N - a wand of confusion (31/48)
Scrolls
 e - 3 scrolls of blinking
 m - 5 scrolls of remove curse
 n - 2 scrolls of noise
 o - a scroll of enchant weapon
 p - 7 scrolls of teleportation
 q - 3 scrolls of enchant armour
 x - 2 scrolls of immolation
 C - 2 scrolls of fear
 E - a scroll of recharging
 F - a scroll of fog
 J - 2 scrolls of amnesia {unknown}
Potions
 d - 3 potions of might
 g - a potion of cancellation
 h - 4 potions of haste
 l - a potion of curing
 u - 2 potions of degeneration
 v - a potion of berserk rage {unknown}
 z - 2 potions of brilliance
 L - a potion of ambrosia {unknown}
 R - a potion of agility {unknown}
Books
 j - the Tome of Creative Transformation
   (You found it on level 9 of the Dungeon)

   Spells                             Type                      Level
   a - Passwall                       Transmutation/Earth          2
   b - Sticks to Snakes               Transmutation                2
   c - Irradiate                      Conjuration/Transmutation    5
   d - Summon Demon                   Summoning                    5
   e - Shadow Creatures               Summoning                    6
 H - a book of Frost

   Spells                             Type                      Level
   a - Freeze                         Ice                          1
   b - Throw Frost                    Conjuration/Ice              2
   c - Ozocubu's Armour               Charms/Ice                   3
   d - Throw Icicle                   Conjuration/Ice              4
   e - Summon Ice Beast               Ice/Summoning                4
 P - a book of Callings

   Spells                             Type                      Level
   a - Summon Small Mammal            Summoning                    1
   b - Call Imp                       Summoning                    2
   c - Call Canine Familiar           Summoning                    3
   d - Summon Guardian Golem          Hexes/Summoning              3
   e - Summon Lightning Spire         Summoning/Air                4
   f - Summon Ice Beast               Ice/Summoning                4
 S - a book of Debilitation

   Spells                             Type                      Level
   a - Corona                         Hexes                        1
   b - Slow                           Hexes                        2
   c - Gell's Gravitas                Hexes/Translocation          3
   d - Inner Flame                    Hexes/Fire                   3
   e - Cause Fear                     Hexes                        4
   f - Leda's Liquefaction            Hexes/Earth                  4
Comestibles
 f - 6 bread rations
 k - 4 fruits
 s - 2 beef jerkies
 t - 4 meat rations
 A - 2 slices of pizza
 G - a royal jelly


   Skills:
 + Level 9.5 Fighting
 * Level 12.2 Axes
 + Level 9.6 Armour
 - Level 3.6 Shields
 + Level 5.2 Invocations


You had 9 spell levels left.
You didn't know any spells.

Dungeon Overview and Level Annotations

Branches:
Dungeon (9/15)             Temple (0/1) D:6            Lair (0/6) D:9
    Orc: D:9-12

Altars:
Elyvilon
Kikubaaqudgha
Nemelex Xobeh
Okawaru
Vehumet
The Shining One

Shops:
D:8 :   D:9 [[[


Innate Abilities, Weirdness & Mutations

You reflexively headbutt those who attack you in melee.
You have a pair of horns on your head.


Message History

You hit the fire crab. Your headbutt misses the fire crab.
The fire crab is lightly wounded.
The fire crab breathes flames at you. The blast of flame engulfs you!
You slash the fire crab! Your headbutt misses the fire crab.
The fire crab is moderately wounded.
You are engulfed in roaring flames.
The fire crab breathes flames at you. The blast of flame engulfs you!
You hit the fire crab. Your headbutt misses the fire crab.
The fire crab is moderately wounded.
You are engulfed in roaring flames.
The fire crab bites you but does no damage.
The fire crab claws you.
You are engulfed in flames!!
The fire burns you terribly!
* * * LOW HITPOINT WARNING * * *
You hit the fire crab. You headbutt the fire crab.
The fire crab is heavily wounded.
You are engulfed in roaring flames.
You die...

#######.#.......+ ...
####.#########....
#....##### ##....
##.##.....###.....
#.............#
#..########...# #..
#....§§##..# #.
#..#..#§§#.## ### #
#..#@§#.# #..
#..#t§#.#####+## #.. #.
#..#§§#†.......# +..
#...####''####........+
#..
+.....8#..#8.......>..#
#.. +...('..........#
#..
#.....8####8..........#
#.. ###....
......#+###### #..
##### .#######..# ###


You could see a fire crab.

Vanquished Creatures
  A two-headed ogre (D:9)
  A deep elf mage (D:9)
  A cyclops (D:9)
  Maurice (D:8)
  A troll (D:9)
  A hungry ghost (D:8)
  The ghost of junkhipster the Shield-Bearer, an amateur FoFi (D:4)
  2 black bears
  2 ice beasts
  3 phantoms
  3 orc warriors
  A necrophage (D:8)
  A sky beast (D:9)
  3 ogres
  2 centaurs
  A bullfrog (D:8)
  Blork the orc (D:6)
  A gnoll sergeant (D:6)
  3 scorpions
  A wyvern skeleton (D:7)
  4 killer bees (D:9)
  A howler monkey (D:6)
  A bullfrog zombie (D:8)
  A crimson imp (D:5)
  6 hounds
  An orc priest (D:8)
  A centaur skeleton (D:5)
  A gnoll shaman (D:6)
  2 jellies
  2 bullfrog skeletons
  2 iguanas
  3 orc wizards
  6 worker ants
  A hound zombie (D:7)
  2 hound skeletons
  A worker ant zombie (D:8)
  9 adders
  17 gnolls
  2 shadow imps
  An ooze (D:2)
  An adder skeleton (D:5)
  3 worms
  5 dart slugs
  5 leopard geckos
  26 orcs
  7 giant cockroaches
  11 goblins
  15 hobgoblins
  9 jackals
  3 quokkas
  A ball python (D:4)
  4 bats
  7 frilled lizards
  13 kobolds
  2 quokka skeletons
  A quokka zombie (D:8)
  4 rats
212 creatures vanquished.

Notes
Turn   | Place    | Note
-------+----------+-------------------------------------------
     0 | D:1      | RogueShenanigans the Minotaur Fighter began the quest for the Orb.
     0 | D:1      | Reached XP level 1. HP: 19/19 MP: 0/0
   207 | D:1      | Reached XP level 2. HP: 21/27 MP: 1/1
   328 | D:1      | Reached skill level 3 in Axes
   466 | D:2      | Reached XP level 3. HP: 11/33 MP: 2/2
   914 | D:2      | Reached skill level 4 in Axes
   940 | D:2      | Reached XP level 4. HP: 36/41 MP: 3/3
  2076 | D:3      | Reached XP level 5. HP: 41/47 MP: 4/4
  2091 | D:3      | Reached skill level 5 in Axes
  2324 | D:4      | Noticed junkhipster's ghost (amateur FoFi)
  2329 | D:4      | Killed junkhipster's ghost
  2329 | D:4      | Reached skill level 5 in Fighting
  2329 | D:4      | Reached skill level 6 in Axes
  2329 | D:4      | Reached skill level 5 in Armour
  2329 | D:4      | Reached XP level 6. HP: 50/56 MP: 5/5
  2457 | D:4      | Found a glowing golden altar of the Shining One.
  2460 | D:4      | Found a sparkling altar of Nemelex Xobeh.
  2461 | D:4      | Found a radiant altar of Vehumet.
  2462 | D:4      | Found an ancient bone altar of Kikubaaqudgha.
  2838 | D:4      | Reached XP level 7. HP: 56/62 MP: 6/6
  2872 | D:4      | Found an iron altar of Okawaru.
  3021 | D:5      | Entered Level 5 of the Dungeon
  3355 | D:5      | Reached skill level 7 in Axes
  3685 | D:5      | Reached skill level 8 in Axes
  3685 | D:5      | Reached XP level 8. HP: 54/71 MP: 7/7
  3884 | D:4      | Became a worshipper of Warmaster Okawaru
  4150 | D:6      | Noticed Blork the orc
  4160 | D:6      | Killed Blork the orc
  4160 | D:6      | Reached skill level 1 in Invocations
  4246 | D:6      | Found a staircase to the Ecumenical Temple.
  4480 | D:6      | Reached skill level 9 in Axes
  4685 | D:6      | Reached * piety under Okawaru
  5019 | D:6      | Got a transparent war axe
  5020 | D:6      | Identified the +8 war axe "Foalichorr" {chop, *Contam rF- rC+ MR+ SInv} (You found it on level 6 of the Dungeon)
  5322 | D:7      | Got a vibrating platinum ring
  5328 | D:7      | Reached XP level 9. HP: 81/81 MP: 9/9
  5443 | D:7      | Reached skill level 10 in Axes
  5522 | D:8      | Noticed Maurice
  5533 | D:8      | Killed Maurice
  5533 | D:8      | Reached ** piety under Okawaru
  5576 | D:7      | Got a faintly glowing ring mail
  5587 | D:7      | Identified the +3 ring mail "Was Tede" {rElec Dex+3 Stlth+} (You found it on level 7 of the Dungeon)
  5646 | D:8      | Found Iruwaf's Book Shoppe.
  5950 | D:8      | Reached skill level 11 in Axes
  6101 | D:8      | Identified the ring "Adurr" {Ice rPois Slay+3} (You found it on level 7 of the Dungeon)
  6162 | D:8      | Reached *** piety under Okawaru
  6284 | D:9      | Found Aliagae's Armour Shoppe.
  6314 | D:9      | Found Felas's Antique Armour Shop.
  6314 | D:9      | Identified the Tome of Creative Transformation
  6393 | D:9      | Found Lezyximm's Armour Shop.
  6421 | D:9      | Found a staircase to the Lair.
  6429 | D:9      | Noticed a two-headed ogre
  6438 | D:9      | Killed a two-headed ogre
  6438 | D:9      | Reached XP level 10. HP: 22/91 MP: 12/12
  6640 | D:9      | Reached **** piety under Okawaru
  6769 | D:9      | Noticed a cyclops
  6770 | D:9      | Noticed a deep elf mage
  6772 | D:9      | Found a large runed door.
  6777 | D:9      | Killed a deep elf mage
  6777 | D:9      | Reached skill level 12 in Axes
  6777 | D:9      | Reached skill level 5 in Invocations
  6783 | D:9      | Killed a cyclops
  6786 | D:9      | Found a large runed door.
  6898 | D:9      | Found a white marble altar of Elyvilon.
  6898 | D:9      | Noticed a fire crab
  6904 | D:9      | Engulfed by a fire crab's flame

Vault maps used:
D:1:      dpeg_arrival_shelter
D:2:      kennysheep_nondescript
D:3:      first_bread, st_stairs_1
D:4:      okawaru_altar_gauntlet_db, grunt_temple_overflow_open, st_stairs_5,
          serial_park_tiny_pond, minmay_goblin_outpost
D:5:      cheibrodos_iron_armory
D:6:      uniq_blork_the_orc
D:8:      serial_shops, nicolae_shop_window_shopping, serial_corexii_hall,
          corexii_hall_statues_u, corexii_hall_statues_i, uniq_maurice
D:9:      lair_entry_dummy, serial_shops, nicolae_shop_waterfront, shop,
          nicolae_shop_crystal, shop, nicolae_shop_stone, grunt_livestock,
          jmf_multi_god_temple2

Skill      XL: |  1  2  3  4  5  6  7  8  9 10 |
---------------+-------------------------------+-----
Axes           | 3 4 6 8 9 11 12 | 12.2
Fighting       | 4 5 6 7 9 |  9.5
Armour         | 4 5 6 7 9 |  9.6
Invocations    | 2 4 5 |  5.2
Shields        | |  3.6

Action                   |  1- 3 |  4- 6 |  7- 9 | 10-12 || total
-------------------------+-------+-------+-------+-------++-------
Melee: War axe           |    61 |   168 |   282 |    24 ||   535
       Headbutt          |     6 |    25 |    45 |     4 ||    80
  Use: Potion            |       |     1 |       |       ||     1
       Scroll            |       |       |    18 |       ||    18
 Stab: Sleeping          |       |       |     1 |       ||     1
  Eat: Chunk             |       |     6 |    13 |     2 ||    21
Armor: Scale mail        |    31 |    59 |       |       ||    90
       Chain mail        |       |    22 |   156 |       ||   178
       Ring mail         |       |       |    25 |    12 ||    37
Dodge: Dodged            |    31 |    84 |   137 |     3 ||   255
Block: Shield            |     4 |       |       |       ||     4
